 Dungeon Crawl Stone Soup version 0.17.0-27-g4a3f43e (console) character file.

20931 gw the Severer (level 12, -7/166 HPs)
             Began as a Hill Orc Berserker on Nov 21, 2015.
             Was a High Priest of Trog.
             Mangled by a 14-headed hydra (8 damage)
             ... on level 3 of the Lair of Beasts.
             The game lasted 00:14:23 (19293 turns).

gw the Severer (Hill Orc Berserker)                Turns: 19293, Time: 00:14:23

Health: -7/166     AC: 22    Str: 26    XL:     12   Next: 84%
Magic:  4/4        EV:  8    Int:  7    God:    Trog [*****.]
Gold:   924        SH:  0    Dex: 14    Spells: 0 memorised, 11 levels left

rFire  . . .     SeeInvis .     b - +2 battleaxe (antimagic)
rCold  + . .     Clarity  .     n - +0 plate armour
rNeg   + . .     SustAt   .     (shield currently unavailable)
rPois  +         Gourm    .     d - +0 helmet
rElec  .         Spirit   .     (no cloak)
rCorr  .         Warding  +     p - +1 pair of gloves
rMut   .         Stasis   .     g - +2 pair of boots
MR     .....                    l - amulet of warding
Stlth  ..........               u - ring of poison resistance
                                m - ring of protection from cold

@: berserking, very slightly contaminated, hasted, very quick, not resistant to
hostile enchantments, extremely unstealthy
A: no striking features
a: Berserk, Trog's Hand, Brothers in Arms, Burn Spellbooks, Renounce Religion


You were on level 3 of the Lair of Beasts.
You worshipped Trog.
Trog was extremely pleased with you.
You were not hungry.

You visited 2 branches of the dungeon, and saw 14 of its levels.

You collected 924 gold pieces.

Inventory:

Hand Weapons
 b - a +2 antimagic battleaxe (weapon)
Missiles
 h - 304 stones (quivered)
Armour
 d - a +0 helmet (worn)
 g - a +2 pair of boots (worn)
 n - a +0 plate armour (worn)
 p - a +1 pair of gloves (worn)
Jewellery
 l - an amulet of warding (around neck)
 m - a ring of protection from cold (left hand)
 u - a ring of poison resistance (right hand)
Wands
 k - a wand of flame (25)
 r - a wand of teleportation (0)
 y - a wand of draining (9)
Scrolls
 e - 7 scrolls of remove curse
 i - 16 scrolls of identify
 v - a scroll of blinking
 D - a scroll of silence {unknown}
Potions
 f - 3 potions of agility
 t - 2 potions of might
 w - a potion of heal wounds {unknown}
 x - a potion of ambrosia
 z - 2 potions of resistance
 B - a potion of curing
Books
 a - a book of Ice

   Spells                             Type                      Level
   a - Ice Form                       Ice/Transmutation            4
   b - Metabolic Englaciation         Hexes/Ice                    5
   c - Ozocubu's Refrigeration        Ice                          6
   d - Bolt of Cold                   Conjuration/Ice              6
   e - Freezing Cloud                 Conjuration/Ice/Air          6
   f - Simulacrum                     Ice/Necromancy               6
   Trog disapproves of the use of such an item.
 o - a book of Beasts

   Spells                             Type                      Level
   a - Summon Butterflies             Summoning                    1
   b - Call Canine Familiar           Summoning                    3
   c - Summon Ice Beast               Ice/Summoning                4
   d - Summon Mana Viper              Hexes/Summoning              5
   e - Summon Hydra                   Summoning                    7
   Trog disapproves of the use of such an item.
Miscellaneous
 q - a stone of tremors
Comestibles
 c - 2 bread rations
 j - 10 meat rations
 s - 21 fruits
 A - 2 beef jerkies
 E - 3 chunks of flesh


   Skills:
 + Level 11.7 Fighting
 * Level 16.6 Axes
 + Level 8.8 Throwing
 + Level 10.4 Armour
 - Level 1.5 Dodging


You had 11 spell levels left.
You didn't know any spells.

Dungeon Overview and Level Annotations

Branches:
Dungeon (11/15)            Temple (0/1) D:6            Lair (3/8) D:9
 Spider (0/4) Lair:3          Orc (0/4) D:11
  Swamp: Lair:3-6    Shoals: Lair:3-6

Altars:
Ashenzari
Elyvilon
Fedhas
Kikubaaqudgha
Makhleb
Nemelex Xobeh

Shops:
D:9 (*   D:11 (


Message History

The 14-headed hydra is almost dead.
The 15-headed hydra bites you but does no damage.
The 15-headed hydra bites you. The 15-headed hydra closely misses you.
The 15-headed hydra bites you but does no damage. x2
The 15-headed hydra bites you!
The 15-headed hydra bites you but does no damage. x2
The 15-headed hydra misses you.
The 15-headed hydra bites you but does no damage. x2
The 15-headed hydra bites you. The 15-headed hydra bites you!
The 15-headed hydra completely misses you.
The 15-headed hydra bites you.
The 14-headed hydra bites you but does no damage.
The 14-headed hydra bites you!
The 14-headed hydra bites you but does no damage. x5
The 14-headed hydra barely misses you.
The 14-headed hydra bites you but does no damage. x2
The 14-headed hydra bites you.
The 14-headed hydra completely misses you.
The 14-headed hydra bites you!
You die...

~~~~.#....................
~~~~~~..P.................
~~~~~##...........#.......
~~~~.###.............#..##
~~~~.# .#......#........
~~~~.######.P.#.## ...#
~~~.## #..>...##..(..
~~.#### #..P..#D.(.#.?
~.#.#.######.P#.oD(.....
....P.#.#.##.####.....<.
.b.........#.## .###...
.......##P....# .# .
.###..####.#..# .#
###....###.##### .#
..##.P##.#.#.#.# ..
...#..#.......## .#
.###...........#


You could see a 15-headed hydra and a 14-headed hydra.

Table legend:
 A = Turns spent in this place as a percentage of turns spent in the entire game.
 B = Non-inter-level travel turns spent in this place as a percentage of non-inter-level travel turns spent in the entire game.
 C = Inter-level travel turns spent in this place as a percentage of turns spent in this place.
 D = Turns resting spent in this place as a percentage of non-inter-level travel turns spent in this place.
 E = Turns spent auto-exploring this place as a percentage of non-inter-level travel turns spent in this place.
 F = Non-inter-level travel turns spent in this place divided by the number of levels of this place that you've seen.
                   A       B       C       D       E      F
               +-------+-------+-------+-------+-------+----------------------
         Total | 100.0 | 100.0 |   0.5 |   1.2 |   2.0 | 1819.0
       Dungeon |  78.8 |  78.9 |   0.4 |   1.2 |   2.0 | 1826.7
          Lair |  21.2 |  21.1 |   0.8 |   1.5 |   2.0 | 1790.7
               +-------+-------+-------+-------+-------+----------------------

Table legend:
 A = Kills in this place as a percentage of kills in entire the game.
 B = Kills by you in this place as a percentage of kills by you in the entire game.
 C = Kills by friends in this place as a percentage of kills by friends in the entire game.
 D = Other kills in this place as a percentage of other kills in the entire game.
 E = Experience gained in this place as a percentage of experience gained in the entire game.
 F = Experience gained in this place divided by the number of levels of this place that you have seen.
                   A       B       C       D       E      F
               +-------+-------+-------+-------+-------+----------------------
         Total | 100.0 | 100.0 | 100.0 |  -nan | 100.0 | 2135.9
       Dungeon |  80.3 |  80.5 |   0.0 |  -nan |  55.8 | 1517.4
          Lair |  19.7 |  19.5 | 100.0 |  -nan |  44.2 | 4403.7
               +-------+-------+-------+-------+-------+----------------------

Vanquished Creatures
  3 hydras
  A death yak (Lair:3)
  A hill giant (D:10)
  A manticore (D:11)
  An orb spider (Lair:3)
  Joseph (D:10)
  A gargoyle (D:11)
  6 spiny frogs
  The ghost of EternalSandwich the Twirler, a novice DsGl of Ashenzari (D:6)
  7 komodo dragons
  A fire drake (D:9)
  The ghost of EternalSandwich the Twirler, an amateur DsGl of Makhleb (D:4)
  4 trolls
  3 hippogriffs
  A vampire (D:10)
  A hill giant zombie (D:11)
  9 yaks
  2 basilisks
  A hungry ghost (D:9)
  A wraith (D:10)
  A steam dragon (D:10)
  3 wolves (Lair:1)
  2 deep elf magi (D:10)
  2 orc warriors (D:10)
  2 ice beasts
  5 porcupines
  A sky beast (D:5)
  9 water moccasins
  A black bear (D:9)
  4 ogres
  4 centaurs
  5 phantoms
  A crocodile (Lair:3)
  2 big kobolds (D:8)
  Blork the orc (D:4)
  13 giant frogs
  6 scorpions
  A troll zombie (D:11)
  4 wights (D:10)
  10 killer bees
  An electric eel (Lair:2)
  11 crimson imps
  A giant frog zombie (D:5)
  3 hounds
  7 orc priests
  2 jellies
  4 centaur skeletons
  4 giant frog skeletons
  2 orc wizards
  8 iguanas
  7 worker ants
  4 sheep (Lair:1)
  4 ogre zombies (D:11)
  A hound zombie (D:9)
  2 worker ant zombies
  24 river rats
  13 adders
  3 shadow imps
  An adder skeleton (D:4)
  3 worms
  31 orcs
  2 ball pythons
  7 bats
  3 goblins
  3 hobgoblins
  14 jackals
  12 kobolds
  2 quokkas
  4 giant cockroaches
  8 giant geckos
  3 giant newts
  2 hobgoblin zombies (D:11)
  3 orc skeletons (D:11)
  14 orc zombies (D:11)
  2 quokka skeletons
  A quokka zombie (D:9)
  39 rats
  A fungus (Lair:2)
380 creatures vanquished.

Vanquished Creatures (collateral kills)
  A torpor snail (Lair:3)
1 creature vanquished.

Vanquished Creatures (others)
  A human (D:8)
  An orc warrior (D:8)
  An orc priest (D:8)
  2 orcs (D:8)
  5 fungi (Lair:3)
  6 plants
16 creatures vanquished.

Grand Total: 397 creatures vanquished

Notes
Turn   | Place    | Note
--------------------------------------------------------------
     0 | D:1      | gw the Hill Orc Berserker began the quest for the Orb.
     0 | D:1      | Reached XP level 1. HP: 19/19 MP: 1/1
   210 | D:1      | Reached XP level 2. HP: 27/27 MP: 2/2
   814 | D:1      | Reached skill level 1 in Throwing
   920 | D:1      | Reached XP level 3. HP: 33/33 MP: 3/3
  1708 | D:2      | Reached ** piety under Trog
  1964 | D:2      | Reached XP level 4. HP: 37/40 MP: 4/4
  2003 | D:2      | Reached *** piety under Trog
  2143 | D:2      | Reached skill level 5 in Axes
  2976 | D:3      | Reached XP level 5. HP: 43/47 MP: 5/5
  3712 | D:4      | Noticed an ogre
  3719 | D:4      | Killed an ogre
  3719 | D:4      | Reached skill level 5 in Fighting
  3719 | D:4      | Reached skill level 6 in Axes
  3719 | D:4      | Reached XP level 6. HP: 56/56 MP: 6/6
  3891 | D:4      | Noticed EternalSandwich's ghost (amateur DsGl)
  3914 | D:4      | Killed EternalSandwich's ghost
  3914 | D:4      | Reached skill level 7 in Axes
  3914 | D:4      | Reached XP level 7. HP: 35/61 MP: 7/7
  4065 | D:4      | Noticed Blork the orc
  4079 | D:4      | Killed Blork the orc
  4528 | D:5      | Entered Level 5 of the Dungeon
  4720 | D:5      | Found a blossoming altar of Fedhas.
  4819 | D:5      | Found a white marble altar of Elyvilon.
  4828 | D:5      | Reached skill level 8 in Axes
  4968 | D:5      | Reached XP level 8. HP: 70/70 MP: 8/8
  5316 | D:6      | Reached skill level 5 in Armour
  5528 | D:6      | Found a staircase to the Ecumenical Temple.
  5566 | D:6      | Reached **** piety under Trog
  5581 | D:6      | Found a burning altar of Makhleb.
  5582 | D:6      | Noticed EternalSandwich's ghost (novice DsGl)
  5594 | D:6      | Killed EternalSandwich's ghost
  5594 | D:6      | Reached skill level 9 in Axes
  6681 | D:7      | Reached skill level 10 in Axes
  6681 | D:7      | Reached XP level 9. HP: 79/79 MP: 9/9
  7121 | D:8      | Found an ancient bone altar of Kikubaaqudgha.
  7445 | D:8      | Found a sparkling altar of Nemelex Xobeh.
  8671 | D:9      | Reached skill level 11 in Axes
  8772 | D:9      | Found a staircase to the Lair.
  8772 | D:9      | Noticed a fire drake
  8780 | D:9      | Killed a fire drake
  8909 | D:9      | Reached skill level 5 in Throwing
  9522 | D:9      | Found Fuowe's Serpentskin Sales.
  9532 | D:9      | Reached XP level 10. HP: 72/90 MP: 10/10
  9554 | D:9      | Reached skill level 12 in Axes
 10220 | D:9      | Found an ancient bone altar of Kikubaaqudgha.
 10443 | D:9      | Found Busuf's Weapon Shoppe.
 10734 | D:10     | Entered Level 10 of the Dungeon
 10875 | D:10     | Found a shattered altar of Ashenzari.
 10879 | D:10     | Saw a vision of the Swamp and the Spider Nest.
 10879 | D:10     | Noticed a wolf spider
 10971 | D:10     | Reached ***** piety under Trog
 10971 | D:10     | Reached skill level 13 in Axes
 11498 | D:10     | Reached XP level 11. HP: 97/97 MP: 11/11
 11624 | D:10     | Noticed Joseph
 11644 | D:10     | Killed Joseph
 11657 | D:10     | Received a gift from Trog
 12014 | D:10     | Reached skill level 14 in Axes
 12406 | D:10     | Noticed a hill giant
 12415 | D:10     | Killed a hill giant
 12415 | D:10     | Reached skill level 10 in Fighting
 13465 | D:11     | Found a staircase to the Orcish Mines.
 14487 | D:11     | Found Kuithrad's Antique Weapon Boutique.
 14961 | D:9      | Reached skill level 15 in Axes
 14987 | Lair:1   | Entered Level 1 of the Lair of Beasts
 14988 | Lair:1   | Received a gift from Trog
 15515 | Lair:1   | Reached XP level 12. HP: 64/108 MP: 4/12
 15882 | Lair:1   | Noticed a four-headed hydra
 15896 | Lair:1   | Killed a 12-headed hydra
 17644 | Lair:3   | Found a hole to the Spider Nest.
 18056 | Lair:3   | Reached skill level 16 in Axes
 18189 | Lair:3   | Noticed a death yak
 18203 | Lair:3   | Reached skill level 10 in Armour
 18204 | Lair:3   | Killed a death yak
 18207 | Lair:3   | Noticed a six-headed hydra
 18753 | Lair:3   | Noticed an eight-headed hydra
 18764 | Lair:3   | Killed a 13-headed hydra
 18851 | Lair:3   | Killed a ten-headed hydra
 19277 | Lair:3   | Noticed a four-headed hydra
 19279 | Lair:3   | Noticed a six-headed hydra
 19293 | Lair:3   | HP: 6/166 [14-headed hydra (10)]
 19293 | Lair:3   | HP: 1/166 [14-headed hydra (5)]
 19293 | Lair:3   | Mangled by a 14-headed hydra

Action                   |  1- 3 |  4- 6 |  7- 9 | 10-12 || total
-------------------------+-------+-------+-------+-------++-------
Melee: Hand axe          |   110 |       |       |       ||   110
       War axe           |    63 |   180 |   357 |   252 ||   852
       Battleaxe         |       |       |       |   389 ||   389
Throw: Stone             |    33 |    94 |    98 |   342 ||   567
       Tomahawk          |       |       |    24 |    78 ||   102
       Javelin           |       |       |       |    40 ||    40
Invok: Berserk           |     1 |     2 |     6 |    12 ||    21
       Trog's Hand       |       |     2 |     1 |     2 ||     5
       Brothers in Arms  |       |       |       |     1 ||     1
Evoke: Wand              |       |       |    19 |     5 ||    24
  Use: Potion            |     2 |     5 |     4 |     9 ||    20
       Scroll            |     2 |     3 |     3 |     9 ||    17
  Eat: Chunk             |     5 |     6 |    18 |    26 ||    55
       Pizza             |       |     1 |     2 |     1 ||     4
       Bread ration      |       |       |     1 |     3 ||     4
       Beef jerky        |       |       |       |     2 ||     2
       Fruit             |       |       |       |     3 ||     3

Vault maps used:
D:1:      dpeg_arrival_chase
D:2:      minmay_rats_cheesy_pizza
D:4:      first_bread, uniq_blork_the_orc
D:5:      basic_altar, st_stairs_7, fedhas_altar_1
D:6:      old_standard_altar, minmay_temple_entry_glassed_door,
          hangedman_abyss_or_decor_stagger
D:7:      tgw_xom
D:8:      nemelex_altar_shiori, blue_anna_alchemist, tgw_kikubaaqudgha
D:9:      minmay_lair_entry_lava, basic_altar, serial_shops, shop,
          guppyfry_shop_venom
D:10:     grunt_ashenzari_visionary, uniq_joseph
D:11:     zombieorc1_lemuel, lab_entry_generic, serial_shops,
          nicolae_shop_trees, onia_ninara_dug_in_and_dangerous
Lair:2:   minivault_19, infiniplex_staircase_pool
Lair:3:   beast_lair_carwin_large_1, nicolae_spider_entry_orb_guardian,
          lemuel_fruit_fields, infiniplex_staircase_pool_2
